 Dungeon Crawl Stone Soup version 0.25-a0-942-g87a5396 (webtiles) character file.

Game seed: 4965315609086460829, levelgen mode: deterministic

1 DrEnzyme the Cutter (level 1, 0/12 HPs)
             Began as a Kobold Wanderer on May 7, 2020.
             Slain by a goblin
             ... wielding a +0 dagger
              (1 damage)
             ... on level 1 of the Dungeon.
             The game lasted 00:00:59 (218 turns).

DrEnzyme the Cutter (Kobold Wanderer)                Turns: 218, Time: 00:01:00

Health: 0/12       AC:  2    Str:  5    XL:     1   Next: 22%
Magic:  1/1        EV: 15    Int: 18    God:
Gold:   13         SH:  0    Dex: 13    Spells: 0/0 levels left

rFire    . . .     SeeInvis .   a - +0 quarterstaff
rCold    . . .     Gourm    .   (shield currently unavailable)
rNeg     . . .     Faith    .   e - +0 robe
rPois    .         Spirit   .   (no helmet)
rElec    .         Reflect  .   (no cloak)
rCorr    .         Harm     .   (no gloves)
MR       .....                  (no boots)
Stlth    +.........             (no amulet)
HPRegen  0.04/turn              (no ring)
MPRegen  0.07/turn              (no ring)

@: no status effects
A: small, carnivore
a: no special abilities


You were on level 1 of the Dungeon.
You were not hungry.

You visited 1 branch of the dungeon, and saw 1 of its levels.

You collected 13 gold pieces.

Inventory:

Hand Weapons
 a - a +0 quarterstaff (weapon)
 d - a +0 dagger
Missiles
 c - 12 poisoned darts (quivered)
Armour
 e - a +0 robe (worn)
 g - a +0 robe of fire resistance
Scrolls
 b - a scroll of remove curse {unknown}
Comestibles
 f - a ration


   Skills:
 + Level 1.1 Fighting
 + Level 2.8 Short Blades
 + Level 1.1 Throwing
 + Level 2.5 Dodging
   Level 1.0 Conjurations
 + Level 1.5 Charms
   Level 1.2 Evocations


You couldn't memorise any spells.
You knew the following spells:

 Your Spells              Type           Power        Failure   Level  Hunger
a - Infusion              Chrm           #...         12%         1    ##.....

Your spell library contained the following spells:

 Spells                   Type           Power        Failure   Level  Hunger
 Song of Slaying          Chrm           #.......     19%         2    ###....
 Shroud of Golubria       Chrm/Tloc      #.....       24%         2    ###....
 Ozocubu's Armour         Chrm/Ice       #.......     43%         3    ####...
 Spectral Weapon          Hex/Chrm       #.......     43%         3    ####...


Dungeon Overview and Level Annotations

Branches:
Dungeon (1/15)

Altars:


Innate Abilities, Weirdness & Mutations

You are small and have problems with some larger weapons.
You are carnivorous and can eat meat at any time.


Message History

You closely miss the goblin. The goblin closely misses you.
The hobgoblin hits you with a +0 club. The goblin hits you with a +0 dagger.
The hobgoblin closely misses you. The hobgoblin completely misses you.
The hobgoblin hits you with a +0 club.
* * * LOW HITPOINT WARNING * * *
Things that are here:
a +0 club; a kobold corpse
Found a ration.
The goblin completely misses you.
The hobgoblin hits you but does no damage.
A goblin comes into view.
The goblin shouts!
Found 16 stones.
A goblin comes into view.
The goblin misses you.
You completely miss the goblin. The goblin hits you with a +0 dagger.
* * * LOW HITPOINT WARNING * * *
The goblin hits you with a +0 dagger.
You die...

#.⌠.#.# ...#
....#.######.
...###+###
..###.#.....#
#........#
......#.....#
#.........
..#####.....####%......
.######........#.....#
.##...#......#.......#
......#......#...g...#
.....).......#..@#.###
.....##..........#g#
.....##.....#....#.#
.....####.......##g###
.....#
#.....####Kg.###.
.....#
#................#
##...#
#................#
#####
#...............##
#...............#


You could see a goblin.

Vanquished Creatures
  A kobold (D:1)
  A rat (D:1)
2 creatures vanquished.

Notes
Turn   | Place    | Note
-------+----------+-------------------------------------------
     0 | D:1      | DrEnzyme the Kobold Wanderer began the quest for the Orb.
     0 | D:1      | DrEnzyme set off with the following items: a +0
                  | quarterstaff, 12 poisoned darts, a +0 dagger, a +0 robe, a
                  | ration; and the following spell memorised: Infusion; and
                  | the following spells available to memorise: Song of
                  | Slaying, Shroud of Golubria, Ozocubu's Armour, Spectral
                  | Weapon
     0 | D:1      | Reached XP level 1. HP: 12/12 MP: 1/1
   218 | D:1      | Slain by a goblin

Levels and vault maps discovered:
D:1:      dpeg_arrival_court, layout_basic

Action                   || total
-------------------------++-------
Melee: Quarterstaff      ||    10
Armor: Robe              ||     1
Dodge: Dodged            ||    13

Table legend:
 A = Non-vault XP
 B = Vault XP
 C = Vault XP percentage of total XP
 D = Non-vault monster count
 E = Vault monster count
 F = Vault count percentage of total count
                 A         B        C        D         E       F
            +---------+---------+-------+---------+---------+-------
      Total |       2 |       0 |   0.0 |       2 |       0 |   0.0
            +---------+---------+-------+---------+---------+-------
        D:1 |       2 |       0 |   0.0 |       2 |       0 |   0.0
            +---------+---------+-------+---------+---------+-------
